 Dungeon Crawl Stone Soup version 0.22.0-40-g68aacdc4c8 (webtiles) character file.

95 KamiKatze the Charlatan (level 4, 0/27 HPs)
             Began as a Gargoyle Artificer on Aug 31, 2018.
             Killed by divine providence
             ... invoked by an orc priest
              (17 damage)
             ... on level 3 of the Dungeon.
             The game lasted 00:05:56 (2217 turns).

KamiKatze the Charlatan (Gargoyle Artificer)        Turns: 2217, Time: 00:05:56

Health: 0/27       AC: 11    Str: 22    XL:     4   Next: 66%
Magic:  6/6        EV: 10    Int: 11    God:
Gold:   120        SH:  0    Dex: 10    Spells: 3/3 levels left

rFire    + . .     SeeInvis .   m - +0 hand axe
rCold    . . .     Gourm    .   (no shield)
rNeg     + . .     Faith    .   w - +0 scale mail
rPois    ∞         Spirit   .   i - +0 helmet (curse)
rElec    +         Reflect  .   (no cloak)
rCorr    .         Harm     .   (no gloves)
MR       .....                  (no boots)
Stlth    ..........             (no amulet)
HPRegen  0.09/turn              b - ring of protection from fire
MPRegen  0.10/turn              (no ring)

@: mighty
A: negative energy resistance 1, electricity resistance, unbreathing,
petrification resistance, rot immunity, AC +3
a: no special abilities


You were on level 3 of the Dungeon.
You were not hungry.

You visited 1 branch of the dungeon, and saw 3 of its levels.

You collected 120 gold pieces.

Inventory:

Hand Weapons
 l - a +0 trident
 m - a +0 hand axe (weapon)
 u - a +0 flail
Armour
 i - a cursed +0 helmet (worn)
 q - a cursed +0 helmet
 w - a +0 scale mail (worn)
Jewellery
 b - a ring of protection from fire (left hand)
 v - an uncursed ring of protection from cold {unknown}
Wands
 c - a wand of flame (11)
 d - a wand of enslavement (15)
 e - a wand of random effects (14)
Scrolls
 a - a scroll of enchant weapon {unknown}
 g - a scroll of magic mapping {unknown}
 h - a scroll of fear {unknown}
 p - 2 scrolls of identify
 s - a scroll of random uselessness {unknown}
Potions
 j - a potion of brilliance
 n - a potion of flight {unknown}
 o - a potion of degeneration {unknown}
 r - a potion of cancellation {unknown}
Comestibles
 f - 6 rations
 t - 11 chunks of flesh


   Skills:
 + Level 2.4 Fighting
   Level 0.8 Short Blades
 * Level 1.8 Axes
 + Level 1.9 Armour
 + Level 2.3 Dodging
 - Level 1.1 Stealth
 - Level 2.6 Evocations


You had 3 spell levels left.
You didn't know any spells.
Your spell library was empty.

Dungeon Overview and Level Annotations

Branches:
Dungeon (3/15)

Altars:
Makhleb
Okawaru
Vehumet
Zin


Innate Abilities, Weirdness & Mutations

You are resistant to torment.
Your stone body is resilient. (AC +3)
You are immune to poison.
You resist negative energy. (rN+)
You are resistant to electric shocks. (rElec)
You can survive without breathing.
You are immune to petrification.
You are immune to rotting.


Message History

Aim: an orc priest, wielding a falchion and wearing a chain mail The orc seems to speed up.
The orc barely misses you.
You hit the orc priest but do no damage.
You hit the orc.
The orc hits you with a short sword of venom.
The orc priest calls down the wrath of Beogh upon you.
Beogh smites you! The orc priest closely misses you.
The orc closely misses you.
Some of the chunks of flesh in your inventory have rotted away.
Sorry, you're not good enough to have a special ability.
Unknown command.
You feel very mighty all of a sudden. The orc misses you.
The orc priest barely misses you.
Your scale mail prevents you from hitting the orc priest.
You slash the orc!
You kill the orc!
The orc priest mumbles some strange prayers to Beogh against you.
Beogh smites you!
Ouch! That really hurt!
You die... .###.......# ..##.#####.# ..# #..#.# #.## ..# #..#.# #..# ..# #....# ##.## ..# '.##.# #.^# ..# #.##.# ##.# oo#

#.##.#######.####o.#
#.##...........)@).#
..###.....###.###..#
.## .... #.> ..# ##
... ##.# ### .. .# .
.# .# .#


You could see 2 orc priests and an orc.

Vanquished Creatures
  4 adders
  2 oozes (D:1)
  2 worms
  A leopard gecko (D:3)
  3 orcs (D:3)
  3 ball pythons
  3 giant cockroaches
  5 goblins
  4 hobgoblins
  3 jackals (D:1)
  A quokka (D:3)
  A bat (D:1)
  A kobold (D:1)
  7 rats
40 creatures vanquished.

Notes
Turn   | Place    | Note
-------+----------+-------------------------------------------
     0 | D:1      | KamiKatze the Gargoyle Artificer began the quest for the Orb.
     0 | D:1      | Reached XP level 1. HP: 12/12 MP: 2/2
    36 | D:1      | Reached XP level 2. HP: 16/16 MP: 4/4
    79 | D:1      | Reached skill level 1 in Armour
   246 | D:1      | Reached XP level 3. HP: 19/21 MP: 5/5
   816 | D:2      | Found an iron altar of Okawaru.
   889 | D:2      | Reached skill level 1 in Axes
  1510 | D:2      | Found a radiant altar of Vehumet.
  1941 | D:3      | Reached XP level 4. HP: 26/26 MP: 6/6
  2066 | D:3      | Found a burning altar of Makhleb.
  2069 | D:3      | Found a glowing silver altar of Zin.
  2070 | D:3      | Noticed a green death
  2070 | D:3      | Noticed an angel
  2217 | D:3      | Killed from afar by an orc priest

Skill      XL: |  1  2  3 |
---------------+----------+-----
Armour         | 1 |  1.9
Dodging        | 2 |  2.3
Fighting       | 2 |  2.4
Axes           | 1 |  1.8
Short Blades   | |  0.8
Stealth        | |  1.1
Evocations     | |  2.6

Action                   |  1- 3 |  4- 6 || total
-------------------------+-------+-------++-------
Melee: Short sword       |    23 |       ||    23
       Hand axe          |    91 |    44 ||   135
Evoke: Wand              |     2 |     3 ||     5
  Use: Scroll            |     2 |       ||     2
       Potion            |       |     1 ||     1
  Eat: Chunk             |     2 |     2 ||     4
Armor: Leather armour    |    48 |       ||    48
       Ring mail         |    25 |    11 ||    36
       Scale mail        |       |     6 ||     6
Dodge: Dodged            |    72 |    31 ||   103
